 Dungeon Crawl Stone Soup version 0.29-a0-330-g52719c12eb (webtiles) character file.

Game seed: 2487241529548414825

59 kae the Firebug (level 3, 0/20 HPs)
             Began as a Deep Elf Fire Elementalist on May 4, 2022.
             Slain by an adder (2 damage)
             ... on level 2 of the Dungeon.
             The game lasted 00:00:47 (1578 turns).

kae the Firebug (Deep Elf Fire Elementalist)        Turns: 1578, Time: 00:00:47

Health: 0/20       AC:  2    Str:  5    XL:     3   Next: 78%
Magic:  6/10       EV: 13    Int: 27    God:
Gold:   90         SH:  5    Dex: 15    Spells: 3/9 levels left

rFire   . . .      SeeInvis .   (no weapon)
rCold   . . .      Faith    .   (no shield)
rNeg    . . .      Spirit   .   a - +0 robe
rPois   .          Reflect  +   (no helmet)
rElec   .          Harm     .   (no cloak)
rCorr   .          Rampage  .   (no gloves)
Will    .....                   (no boots)
Stlth   ++........              c - amulet of reflection
HPRegen 0.06/turn               h - +6 ring of intelligence
MPRegen 0.12/turn               (no ring)

@: lethally poisoned (0 -> -9), very slightly contaminated
A: no striking features
a: no special abilities


You were on level 2 of the Dungeon.
You visited 1 branch of the dungeon, and saw 2 of its levels.

You collected 90 gold pieces.

Inventory:

Armour
 a - a +0 robe (worn)
Jewellery
 c - an amulet of reflection (around neck)
 h - a +6 ring of intelligence (left hand)
Scrolls
 e - a scroll of amnesia {unknown}
 l - a scroll of identify
 m - a scroll of enchant weapon {unknown}
Potions
 b - a potion of magic
 d - 2 potions of attraction
 f - a potion of invisibility
 g - a potion of heal wounds
 i - 3 potions of mutation
 j - 2 potions of resistance {unknown}
 k - 2 potions of curing {unknown}


   Skills:
 + Level 1.0 Fighting
 + Level 3.1 Dodging
 - Level 2.4 Stealth
 + Level 3.6 Spellcasting
 + Level 2.1 Conjurations
 + Level 3.7 Fire Magic


You had 3 spell levels left.
You knew the following spells:

 Your Spells              Type           Power      Damage    Failure   Level
a - Foxfire               Conj/Fire      80%        2x1d8     2%          1
b - Scorch                Fire           50%        2d7       2%          2
c - Conjure Flame         Conj/Fire      20%        6-21      8%          3

Your spell library contained the following spells:

 Spells                   Type           Power      Damage    Failure   Level
 Beastly Appendage        Tmut           8%         N/A       9%          1
 Inner Flame              Hex/Fire       15%        N/A       12%         3
 Wereblood                Tmut           4%         N/A       13%         2
 Spider Form              Tmut/Pois      4%         N/A       26%         3
 Flame Wave               Conj/Fire      20%        2d7       24%         4


Dungeon Overview and Level Annotations

Branches:
Dungeon (2/15)

Altars:
Trog


Message History

The frilled lizard hisses angrily.
The adder hisses angrily.
Casting: Foxfire (safe; 2% risk of failure)
Confirm with . or Enter, or press ? or * to list all spells.
You conjure some foxfire!
The foxfire hits the adder!
The adder is heavily wounded.
The foxfire hits the adder.
The adder is severely wounded.
The adder bites you.
You are poisoned.
The adder poisons you!
Casting: Foxfire (safe; 2% risk of failure)
Confirm with . or Enter, or press ? or * to list all spells.
You conjure some foxfire!
You feel sick. The adder bites you.
You are more poisoned.
The adder poisons you! The adder closely misses you.
You feel very sick.
The foxfire hits the adder.
The adder is almost dead.
The foxfire hits the frilled lizard!
You kill the frilled lizard!
The adder barely misses you.
An adder is nearby!
Casting: Foxfire (safe; 2% risk of failure)
Confirm with . or Enter, or press ? or * to list all spells.
You miscast Foxfire.
You are very lightly contaminated with residual magic.
Nothing appears to happen.
You feel sick. The adder bites you.
* * * LOW HITPOINT WARNING * * *
You are more poisoned.
The adder poisons you!
There is a lethal amount of poison in your body!
There is a lethal amount of poison in your body!
Casting: Foxfire (safe; 2% risk of failure)
Confirm with . or Enter, or press ? or * to list all spells.
You conjure some foxfire!
* * * LOW HITPOINT WARNING * * *
You feel very sick. The adder bites you.
You die...

########'####...........
#.# #.....#####. #.#
#....^...... #.#
######...... ########.#
#...... .......#.#
#...... .......#.#
#...... ..$....#v####
#...... .......@v...#
#...... #......S!...#
#...... #.....†.....#
#.).... #...........#
#...... ##.#........#
####### # .........#
#.........# #.........#


You could see an adder (ally target).

Vanquished Creatures
  3 adders (D:2)
  A dart slug (D:1)
  3 ball pythons
  4 bats (D:1)
  An endoplasm (D:1)
  4 goblins
  4 hobgoblins
  2 frilled lizards
  4 kobolds (D:1)
  3 rats
29 creatures vanquished.

Vanquished Creatures (others)
  96 foxfires
  5 toadstools (D:1)
101 creatures vanquished.

Grand Total: 130 creatures vanquished

Notes
Turn   | Place    | Note
-------+----------+-------------------------------------------
     0 | D:1      | kae the Deep Elf Fire Elementalist began the quest for the
                  | Orb.
     0 | D:1      | Reached XP level 1. HP: 10/10 MP: 6/6
   121 | D:1      | Reached XP level 2. HP: 15/15 MP: 4/8
  1003 | D:2      | Reached XP level 3. HP: 16/20 MP: 5/9
  1006 | D:2      | Learned a level 2 spell: Scorch
  1010 | D:2      | Learned a level 3 spell: Conjure Flame
  1280 | D:2      | Reached skill level 1 in Fighting
  1351 | D:2      | Found a bloodstained altar of Trog.
  1578 | D:2      | Slain by an adder

Illustrated notes

Levels and vault maps discovered:
D:1:      ldierk_walled_garden, layout_loops_ring
D:2:      layout_basic, basic_altar, minmay_between

Skill      XL: |  1  2  3 |
---------------+----------+-----
Dodging        | 3 |  3.1
Conjurations   | 2 |  2.1
Fighting       | 1 |  1.0
Stealth        | |  2.4
Spellcasting   | |  3.6
Fire Magic     | |  3.7

Action                   || total
-------------------------++-------
 Cast: Foxfire           ||    60
       Scorch            ||     1
  Use: Scroll            ||     4
Armor: Robe              ||     5
Dodge: Dodged            ||    18
Block: Other             ||     3

Table legend: (Time is in decaauts)
 A = Elapsed time spent in this place.
 B = Non-inter-level travel time spent in this place.
 C = Inter-level travel time spent in this place.
 D = Time resting spent in this place.
 E = Time spent auto-exploring this place.
 F = Levels seen in this place.
 G = Mean time per level.
                   A        B        C        D        E       F      G
               +--------+--------+--------+--------+--------+-----+--------+
         Total |   1578 |   1541 |     37 |      0 |   1336 |   2 |  789.0 |
       Dungeon |   1578 |   1541 |     37 |      0 |   1336 |   2 |  789.0 |
               +--------+--------+--------+--------+--------+-----+--------+

Top non-repeatable levels by time:
     D:1: 982 daAuts
     D:2: 596 daAuts
